 Dungeon Crawl Stone Soup version 0.25-a0-42-g6c54e25894 (webtiles) character file.

Game seed: 13583613270978688134, levelgen mode: deterministic

1397 Gynju the Magician (level 8, -4/41 HPs)
             Began as a Deep Elf Fire Elementalist on Oct 23, 2019.
             Slain by a white ugly thing (5 damage)
             ... on level 6 of the Dungeon.
             The game lasted 00:10:14 (7493 turns).

Gynju the Magician (Deep Elf Fire Elementalist)     Turns: 7493, Time: 00:10:15

Health: -4/41      AC:  9    Str:  5    XL:     8   Next: 41%
Magic:  12/21      EV: 16    Int: 23    God:
Gold:   386        SH:  0    Dex: 19    Spells: 13/21 levels left

rFire    + . .     SeeInvis .   w - +2 halberd (freeze)
rCold    + . .     Gourm    .   (shield currently unavailable)
rNeg     . . .     Faith    .   y - +1 leather armour {rC+}
rPois    +         Spirit   .   l - +2 helmet
rElec    .         Reflect  .   B - +1 cloak {rPois}
rCorr    .         Harm     .   (no gloves)
MR       .....                  (no boots)
Stlth    ++........             (no amulet)
HPRegen  0.13/turn              b - +4 ring of dexterity
MPRegen  0.17/turn              f - ring of protection from fire

@: very slightly contaminated
A: no striking features
a: no special abilities


You were on level 6 of the Dungeon.
You were not hungry.

You visited 1 branch of the dungeon, and saw 6 of its levels.
You also visited: Sewer.

You collected 386 gold pieces.

Inventory:

Hand Weapons
 w - a +2 halberd of freezing (weapon)
Missiles
 g - 181 stones (quivered)
 q - 31 poisoned darts
Armour
 l - a +2 helmet (worn)
 o - the +1 robe "Eczexif" {rElec Str+6}
   (You found it on level 4 of the Dungeon)

   It affects your strength (+6).
   It insulates you from electricity.
 y - a +1 leather armour of cold resistance (worn)
 B - a +1 cloak of poison resistance (worn)
Jewellery
 b - a +4 ring of dexterity (left hand)
 f - a ring of protection from fire (right hand)
Wands
 n - a wand of flame (15)
Scrolls
 a - 3 scrolls of enchant armour
 i - 7 scrolls of identify {unknown}
 m - 5 scrolls of teleportation
 s - a scroll of fear {unknown}
 t - a scroll of fog {unknown}
 u - 2 scrolls of amnesia {unknown}
 x - a scroll of remove curse {@r2}
 C - a scroll of summoning {unknown}
Potions
 d - 3 potions of flight {unknown}
 e - a potion of invisibility {unknown}
 h - a potion of degeneration {unknown}
 j - 5 potions of curing {unknown}
 k - a potion of haste {unknown}
 p - 3 potions of mutation {unknown}
 r - a potion of agility {unknown}
 v - a potion of resistance {unknown}
 z - a potion of heal wounds {unknown}
 A - a potion of lignification {unknown}
 D - a potion of berserk rage {unknown}
 E - a potion of brilliance {unknown}
Comestibles
 c - 8 rations


   Skills:
 + Level 6.6 Dodging
 - Level 2.4 Stealth
 + Level 7.4 Spellcasting
 + Level 5.6 Conjurations
 + Level 6.5 Fire Magic


You had 13 spell levels left.
You knew the following spells:

 Your Spells              Type           Power        Failure   Level  Hunger
a - Flame Tongue          Conj/Fire      #####        1%          1    None
b - Conjure Flame         Conj/Fire      #####...     3%          3    None
c - Sticky Flame          Conj/Fire      #####...     10%         4    ###....

Your spell library contained the following spells:

 Spells                   Type           Power        Failure   Level  Hunger
 Throw Flame              Conj/Fire      #####.       1%          2    None
 Inner Flame              Hex/Fire       ###.....     10%         3    None
 Fireball                 Conj/Fire      #####.....   28%         5    #####..
 Poison Arrow             Conj/Pois      ###.......   99%         6    ######.
 Chain Lightning          Conj/Air       ###.......   100%        8    #######
 Lehudib's Crystal Spear  Conj/Erth      ###.......   100%        8    #######
 Fire Storm               Conj/Fire      #####.....   100%        9    #######
 Glaciate                 Conj/Ice       ###.......   100%        9    #######


Dungeon Overview and Level Annotations

Branches:
Dungeon (6/15)              Sewer (visited)
 Temple: D:4-7

Altars:
Ashenzari
Gozag
Hepliaklqana
Yredelemnul
The Shining One


Message History

Press: ? - help, Shift-Dir - straight line, f/p - white ugly thing
Aim: a white ugly thing (moderately wounded)
The flame tongue misses the white ugly thing.
The orc closely misses you.
The orc throws a boomerang.
The boomerang barely misses you.
The weapon returns to the orc!
The white ugly thing tail-slaps you. The white ugly thing freezes you!
You resist.
* * * LOW HITPOINT WARNING * * *
The orc closely misses you.
Casting: Flame Tongue (safe; 1% risk of failure)
Confirm with . or Enter, or press ? or * to list all spells.
Aiming: Flame Tongue (safe; 1% risk of failure)
Press: ? - help, Shift-Dir - straight line, f/p - white ugly thing
Aim: a white ugly thing (moderately wounded)
You miscast Flame Tongue.
You are very lightly contaminated with residual magic.
Heat runs through your body. The orc hits you but does no damage.
The orc throws a boomerang.
The boomerang completely misses you.
The weapon returns to the orc!
The white ugly thing tail-slaps you.
You die...

...................#
...................#
..................
..<............... ##
................. ..
................. .#
#########.#.#######..#
#
#..............u...##.
#
#....##.#.#...@oo.>...
# #.##
#.#.#o#.<....### #
#.#.#.######.# #
..#.#.# .# # #.#.#.#
###.#.. ..### ###


You could see a white ugly thing and 3 orcs.

Vanquished Creatures
  2 ice beasts
  A centaur (D:5)
  A big kobold (Sewer)
  2 elf zombies (D:5)
  An elf skeleton (D:5)
  2 scorpions
  2 howler monkeys
  2 hounds
  2 jellies (D:5)
  2 orc wizards
  Crazy Yiuf (D:4)
  Ijyb (D:2)
  Jessica (D:3)
  3 human skeletons (D:5)
  2 iguanas (D:5)
  Terence (D:2)
  A hound skeleton (D:5)
  A worker ant zombie (D:6)
  Robin (D:2)
  4 gnolls (D:3)
  A river rat (Sewer)
  5 adders
  2 shadow imps (D:5)
  An ooze (D:3)
  2 dart slugs (D:1)
  2 leopard geckos
  17 orcs
  8 bats
  2 giant cockroaches (D:4)
  13 goblins
  9 hobgoblins
  7 jackals
  3 quokkas
  2 ball pythons
  7 frilled lizards
  8 kobolds
  A leopard gecko zombie (D:5)
  A quokka skeleton (D:4)
  12 rats
136 creatures vanquished.

Notes
Turn   | Place    | Note
-------+----------+-------------------------------------------
     0 | D:1      | Gynju the Deep Elf Fire Elementalist began the quest for
                  | the Orb.
     0 | D:1      | Reached XP level 1. HP: 10/10 MP: 6/6
   413 | D:1      | Reached XP level 2. HP: 15/15 MP: 5/8
  1290 | D:1      | Reached XP level 3. HP: 19/19 MP: 7/10
  2166 | D:2      | Noticed Terence
  2203 | D:2      | Learned a level 3 spell: Conjure Flame
  2566 | D:2      | Found an opulent altar of Gozag.
  2861 | D:2      | Killed Terence
  2861 | D:2      | Reached skill level 4 in Spellcasting
  2861 | D:2      | Reached XP level 4. HP: 24/24 MP: 0/12
  2987 | D:2      | Learned a level 4 spell: Sticky Flame
  3012 | D:3      | Noticed Jessica
  3038 | D:3      | Killed Jessica
  3180 | D:3      | Found a basalt altar of Yredelemnul.
  3181 | D:3      | Found a hazy altar of Hepliaklqana.
  3279 | D:3      | Noticed Ijyb
  3314 | D:2      | Killed Ijyb
  3314 | D:2      | Reached XP level 5. HP: 27/28 MP: 4/13
  3474 | D:3      | Noticed Robin
  3480 | D:2      | Killed Robin
  3750 | D:3      | Found a glowing golden altar of the Shining One.
  4407 | D:4      | Got a transparent robe
  4418 | D:4      | Identified the +1 robe "Eczexif" {rElec Str+6} (You found
                  | it on level 4 of the Dungeon)
  4624 | D:4      | Reached skill level 5 in Spellcasting
  4624 | D:4      | Reached XP level 6. HP: 32/32 MP: 8/15
  4703 | D:4      | Found a runed translucent door.
  4704 | D:4      | Noticed Crazy Yiuf
  4990 | D:4      | Found a shattered altar of Ashenzari.
  5138 | D:4      | Killed Crazy Yiuf
  5238 | D:5      | Entered Level 5 of the Dungeon
  5375 | D:5      | Found a glowing drain.
  5448 | Sewer    | Entered a sewer
  5547 | Sewer    | Reached skill level 5 in Fire Magic
  5744 | Sewer    | Found a white marble altar of Elyvilon.
  5843 | D:5      | Reached skill level 5 in Dodging
  5905 | D:5      | Noticed an ice beast
  5909 | D:5      | Reached XP level 7. HP: 36/36 MP: 11/17
  5955 | D:5      | Reached skill level 6 in Spellcasting
  6555 | D:5      | Reached skill level 5 in Conjurations
  6555 | D:5      | Reached XP level 8. HP: 39/41 MP: 8/20
  6806 | D:5      | Reached skill level 7 in Spellcasting
  7481 | D:6      | Noticed a white ugly thing
  7492 | D:6      | HP: 1/41 [white ugly thing (13)]
  7493 | D:6      | Slain by a white ugly thing

Levels and vault maps discovered:
D:1:      arrival_zaba_pyramid, layout_basic, minmay_tiny_reverse_x
D:2:      layout_loops_corners, nicolae_overflow_hidden_temple, uniq_terence
D:3:      layout_basic, lemuel_crystal_altar, minitemple, uniq_jessica,
          uniq_ijyb, uniq_robin
D:4:      layout_loops_ring, kennysheep_little_box, chequers_garden,
          uniq_crazy_yiuf_cottage
D:5:      layout_loops_ring, portal_sewer_entry_a, first_ration,
          nicolae_ossuary_entry_catacombs
D:6:      layout_basic, ebering_ghost_xom, minmay_pentangle

Skill      XL: |  1  2  3  4  5  6  7  8 |
---------------+-------------------------+-----
Dodging        | 3 4 5 6 |  6.6
Conjurations   | 2 3 4 5 |  5.6
Spellcasting   | 4 5 6 7 |  7.4
Fire Magic     | 4 5 6 |  6.5
Stealth        | |  2.4

Action                   |  1- 3 |  4- 6 |  7- 9 || total
-------------------------+-------+-------+-------++-------
Melee: Mace              |     1 |       |       ||     1
       Halberd           |       |     1 |     6 ||     7
Throw: Stone             |       |     1 |       ||     1
 Cast: Flame Tongue      |    74 |   139 |   139 ||   352
       Conjure Flame     |     1 |     1 |       ||     2
       Sticky Flame      |       |     6 |     1 ||     7
  Use: Scroll            |       |     5 |       ||     5
  Eat: Chunk             |     4 |    11 |     6 ||    21
Armor: Robe              |     6 |     6 |       ||    12
       Leather armour    |       |    14 |    30 ||    44
Dodge: Dodged            |    29 |    66 |    91 ||   186

Table legend:
 A = Non-vault XP
 B = Vault XP
 C = Vault XP percentage of total XP
 D = Non-vault monster count
 E = Vault monster count
 F = Vault count percentage of total count
                 A         B        C        D         E       F
            +---------+---------+-------+---------+---------+-------
      Total |    1299 |     698 |  35.0 |      99 |      37 |  27.2
            +---------+---------+-------+---------+---------+-------
        D:1 |      39 |       3 |   7.1 |      22 |       2 |   8.3
        D:2 |      50 |      91 |  64.5 |       8 |       4 |  33.3
        D:3 |      85 |      54 |  38.8 |      17 |      11 |  39.3
        D:4 |     146 |      39 |  21.1 |      17 |       1 |   5.6
        D:5 |     675 |     383 |  36.2 |      28 |       7 |  20.0
        D:6 |     304 |       0 |   0.0 |       7 |       0 |   0.0
      Sewer |       0 |     128 | 100.0 |       0 |      12 | 100.0
            +---------+---------+-------+---------+---------+-------
